 Dungeon Crawl Stone Soup version 0.31-a0-983-g7b6862f502 (webtiles) character file.

Game seed: 1870673049662000020

602 mopl the Sneak (level 7, -1/46 HPs)
             Began as an Octopode Brigand on Nov 2, 2023.
             Splashed by a jelly's acid (4 damage)
             ... on level 5 of the Dungeon.
             The game lasted 00:04:31 (3451 turns).

mopl the Sneak (Octopode Brigand)                   Turns: 3451, Time: 00:04:31

Health: -1/46      AC: -11   Str: 10    XL:     7   Next: 41%
Magic:  9/9        EV: 14    Int: 14    God:
Gold:   283        SH:  0    Dex: 15    Spells: 7/9 levels left

rFire   . . .        a - +2 dagger
rCold   . . .        (no shield)
rNeg    . . .        (helmet restricted)
rPois   .            (no amulet)
rElec   .            (no ring)
rCorr   .            (no ring)
SInv    .            (no ring)
Will    .....        (no ring)
Stlth   ++++         (no ring)
HPRegen 0.27/turn    (no ring)
MPRegen 0.11/turn    (no ring)
                     (no ring)

%: no passive effects
@: corroded
A: almost no armour, amphibious, 8 rings, camouflage 1, gelatinous body 1,
(nimble swimmer 1), tentacles
a: no special abilities


You were on level 5 of the Dungeon.
You visited 1 branch of the dungeon, and saw 5 of its levels.

You collected 283 gold pieces.

Inventory:

Hand Weapons
 a - a +2 dagger (weapon)
 h - a +0 long sword
Missiles
 b - 22 poisoned darts (quivered)
 c - 3 curare-tipped darts
 p - 3 boomerangs
 v - a throwing net
Wands
 u - a wand of roots (5)
Scrolls
 f - 2 scrolls of poison {unknown}
 g - 3 scrolls of teleportation {unknown}
 i - a scroll of torment {unknown}
 k - 5 scrolls of identify {unknown}
 l - a scroll of silence {unknown}
 o - 2 scrolls of fear {unknown}
 q - a scroll of immolation {unknown}
 r - 2 scrolls of revelation {unknown}
 s - a scroll of blinking {unknown}
Potions
 d - 2 potions of magic {unknown}
 e - a potion of mutation {unknown}
 j - 4 potions of curing {unknown}
 m - a potion of degeneration {unknown}
 n - 3 potions of heal wounds {unknown}
 t - a potion of berserk rage {unknown}


   Skills:
 + Level 3.3 Fighting
 - Level 2.0(2.6) Short Blades
 + Level 2.6(3.0) Long Blades
 + Level 3.5 Throwing
 + Level 3.0 Dodging
 + Level 6.7 Stealth
 + Level 1.6 Spellcasting
 + Level 2.0 Transmutations
 + Level 2.1 Earth Magic


You had 7 spell levels left.
You knew the following spells:

 Your Spells              Type           Power      Damage    Failure   Level
p - Passwall              Tmut/Erth      5%         N/A       16%         2

Your spell library contained the following spells:

 Spells                   Type           Power      Damage    Failure   Level
 Sandblast                Erth           14%        2d6       11%         1
 Cigotuvi's Dreadful Rot  Necr/Pois/Air  2%         N/A       36%         2
 Scorch                   Fire           2%         2d5       36%         2
 Stone Arrow              Conj/Erth      8%         3d7       43%         3
 Hailstorm                Conj/Ice       1%         3d3       58%         3
 Tukima's Dance           Hex            1%         N/A       58%         3
 Brom's Barrelling Bould  Conj/Erth      4%         2d3       85%         4
 Dimensional Bullseye     Hex/Tloc       0%         N/A       94%         4
 Dispel Undead            Necr           1%         3d6       94%         4
 Flame Wave               Conj/Fire      1%         2d4       94%         4
 Iskenderun's Mystic Bla  Conj/Tloc      1%         2d3       94%         4
 Summon Ice Beast         Ice/Summ       1%         N/A       94%         4
 Death Channel            Necr           0%         N/A       100%        6
 Simulacrum               Ice/Necr       0%         N/A       100%        6
 Summon Cactus Giant      Summ           0%         N/A       100%        6


Dungeon Overview and Level Annotations

Branches:
Dungeon (5/15)
 Temple: D:4-7

Altars:

Shops:
D:3 :


Innate Abilities, Weirdness & Mutations

You cannot wear most types of armour.
You are amphibious.
You can wear up to eight rings at the same time.
Your skin changes colour to match your surroundings (Stealth+).
Your rubbery body absorbs attacks. (AC +1, EV +1)
((You are camouflaged when in or above water. (Stealth+)))
You have tentacles for arms and can constrict up to eight enemies at once.


Message History

No target in view!
The jelly quivers.
There is a stone staircase leading up here.
The jelly hits you.
You are splashed with acid!
You hit the jelly.
Your tentacles burn!
The jelly is moderately wounded.
The jelly misses you.
You hit the jelly. The acid corrodes you!
Your tentacles burn!
You squeeze the jelly, but do no damage.
The jelly is heavily wounded.
The jelly hits you. The acid corrodes you!
You are splashed with acid!
You are too injured to fight recklessly!
You are too injured to fight recklessly!
You are too injured to fight recklessly!
You hit the jelly.
Your tentacles burn!
The jelly is heavily wounded.
The jelly barely misses you.
You hit the jelly but do no damage.
Your tentacles burn!
The jelly is heavily wounded.
You completely miss the jelly.
The jelly is heavily wounded.
The jelly closely misses you.
You hit the jelly. The acid corrodes you!
Your tentacles burn!
You squeeze the jelly, but do no damage.
The jelly is severely wounded.
The jelly misses you.
You hit the jelly but do no damage.
Your tentacles burn!
* * * LOW HITPOINT WARNING * * *
The jelly is severely wounded.
The jelly misses you.
You hit the jelly. The acid corrodes you!
Your tentacles burn!
* * * LOW HITPOINT WARNING * * *
Your squeeze misses the jelly.
The jelly is severely wounded.
The jelly hits you.
* * * LOW HITPOINT WARNING * * *
You are splashed with acid!
* * * LOW HITPOINT WARNING * * *
You hit the jelly but do no damage.
Your tentacles burn!
You die...

.### #.# .### ...#
..=..... ...#
#.#...### ...#######
#....... .........#
###.#...#
(..#####.###.......#
...# #...........#
...# #####...##..#
###### #..#<@J.#
.....# ###..#.#..#
####.# #........รท#
#.# #.........# #.#
##.........# #.#
#..........# #.#
#..........# #.#
#.........## #.#
#........##


You could see a jelly.

Vanquished Creatures
  A black bear (D:3)
  Blork the orc (D:4)
  2 scorpions (D:5)
  A hound (D:3)
  An orc priest (D:4)
  An iguana (D:5)
  Terence (D:2)
  An orc wizard (D:4)
  7 gnolls (D:4)
  4 adders
  A worm (D:2)
  3 dart slugs
  5 orcs
  5 endoplasms
  A giant cockroach (D:1)
  5 goblins
  6 hobgoblins
  6 jackals
  2 quokkas
  9 ball pythons
  7 bats
  2 frilled lizards
  5 kobolds
  3 rats (D:1)
80 creatures vanquished.

Notes
Turn   | Place    | Note
-------+----------+-------------------------------------------
     0 | D:1      | mopl the Octopode Brigand began the quest for the Orb.
     0 | D:1      | Reached XP level 1. HP: 14/14 MP: 1/1
   128 | D:1      | Reached XP level 2. HP: 19/19 MP: 2/2
   777 | D:2      | Reached XP level 3. HP: 24/24 MP: 3/3
   798 | D:2      | Reached skill level 1 in Long Blades
   854 | D:2      | Noticed Terence
   868 | D:2      | Killed Terence
   871 | D:2      | Reached XP level 4. HP: 14/30 MP: 4/4
  1333 | D:3      | Learned a level 2 spell: Passwall
  1349 | D:3      | Reached skill level 2 in Dodging
  1447 | D:3      | Noticed a black bear
  1454 | D:3      | Killed a black bear
  1455 | D:3      | Reached skill level 6 in Stealth
  1455 | D:3      | Reached skill level 1 in Transmutations
  1455 | D:3      | Reached skill level 1 in Earth Magic
  1455 | D:3      | Reached XP level 5. HP: 36/36 MP: 4/6
  1546 | D:3      | Found Feevotzu's Vocational Training.
  2082 | D:4      | Reached skill level 2 in Long Blades
  2082 | D:4      | Reached skill level 3 in Throwing
  2082 | D:4      | Reached XP level 6. HP: 41/41 MP: 7/7
  2190 | D:4      | Reached skill level 3 in Fighting
  2281 | D:4      | Reached skill level 1 in Spellcasting
  2283 | D:5      | Entered Level 5 of the Dungeon
  2758 | D:4      | Noticed Blork the orc
  2777 | D:4      | Killed Blork the orc
  2778 | D:4      | Reached XP level 7. HP: 15/46 MP: 7/9
  3242 | D:5      | Reached skill level 3 in Dodging
  3242 | D:5      | Reached skill level 2 in Earth Magic
  3382 | D:5      | Reached skill level 2 in Transmutations
  3451 | D:5      | Splashed by a jelly's acid

Illustrated notes

Levels and vault maps discovered:
D:1:      lemuel_arrival_muddy, layout_loops_ring, hex_tiny, dk_noncrumbling_2
D:2:      layout_basic, st_stairs_1, nicolae_figureground_sparkle, uniq_terence
D:3:      layout_loops_ring, minivault_5, nicolae_shop_vocational
D:4:      layout_loops_corners, uniq_blork_the_orc
D:5:      layout_loops_ring, lemuel_temple_firewalk_b

Skill      XL: |  1  2  3  4  5  6  7 |
---------------+----------------------+-----
Long Blades    | 1 2 |  2.6
Dodging        | 2 3 |  3.0
Stealth        | 6 |  6.7
Transmutations | 1 2 |  2.0
Earth Magic    | 1 2 |  2.1
Throwing       | 3 |  3.5
Fighting       | 3 |  3.3
Spellcasting   | 1 |  1.6
Short Blades   | |  2.0

Action                     |  1- 3 |  4- 6 |  7- 9 || total
---------------------------+-------+-------+-------++-------
  Melee: Dagger            |    44 |   109 |    30 ||   183
         Constrict         |     8 |    29 |     4 ||    41
         Tentacles         |     4 |    34 |     8 ||    46
         Punch             |       |     1 |     1 ||     2
  Throw: Dart              |     2 |    11 |       ||    13
   Stab: Sleeping          |    11 |     9 |     2 ||    22
 Armour: Skin              |    15 |    33 |    15 ||    63
  Dodge: Dodged            |    18 |    49 |    24 ||    91

Table legend: (Time is in decaauts)
 A = Elapsed time spent in this place.
 B = Non-inter-level travel time spent in this place.
 C = Inter-level travel time spent in this place.
 D = Time resting spent in this place.
 E = Time spent auto-exploring this place.
 F = Levels seen in this place.
 G = Mean time per level.
                   A        B        C        D        E       F      G
               +--------+--------+--------+--------+--------+-----+--------+
         Total |   3427 |   3308 |    119 |    438 |   2277 |   5 |  685.4 |
       Dungeon |   3427 |   3308 |    119 |    438 |   2277 |   5 |  685.4 |
               +--------+--------+--------+--------+--------+-----+--------+

Top non-repeatable levels by time:
     D:4: 1065 daAuts
     D:1: 762 daAuts
     D:3: 718 daAuts
     D:2: 553 daAuts
     D:5: 327 daAuts
